 Dungeon Crawl Stone Soup version 0.29-a0-321-gf1c400731a (webtiles) character file.

Game seed: 10311073374238740798

2 hellse the Sneak (level 1, 0/18 HPs)
             Began as a Demonspawn Delver on Apr 3, 2022.
             Slain by a hound (5 damage)
             ... on level 5 of the Dungeon.
             The game lasted 00:00:31 (60 turns).

hellse the Sneak (Demonspawn Delver)                  Turns: 60, Time: 00:00:31

Health: 0/18       AC:  3    Str: 12    XL:     1   Next: 25%
Magic:  1/1        EV: 11    Int: 11    God:
Gold:   0          SH:  0    Dex: 14    Spells: 0/0 levels left

rFire   . . .      SeeInvis .   a - +0 hand axe
rCold   . . .      Faith    .   (no shield)
rNeg    . . .      Spirit   .   b - +0 leather armour
rPois   .          Reflect  .   (no helmet)
rElec   .          Harm     .   (no cloak)
rCorr   .          Rampage  .   (no gloves)
Will    .....                   (no boots)
Stlth   ++........              (no amulet)
HPRegen 0.06/turn               (no ring)
MPRegen 0.07/turn               (no ring)

@: no status effects
A: no striking features
a: no special abilities


You were on level 5 of the Dungeon.
You visited 1 branch of the dungeon, and saw 2 of its levels.

Inventory:

Hand Weapons
 a - a +0 hand axe (weapon)
Armour
 b - a +0 leather armour (worn)
Wands
 g - a wand of digging (3)
Scrolls
 c - a scroll of fog
 e - a scroll of fear
Potions
 f - a potion of haste


   Skills:
 + Level 3.0 Fighting
 + Level 1.8 Axes
 + Level 1.8 Dodging
 + Level 4.5 Stealth


You couldn't memorise any spells.
You didn't know any spells.
Your spell library was empty.

Dungeon Overview and Level Annotations

Branches:
Dungeon (5/15)
 Temple: D:4-7

Altars:

Annotations:
D:5 Duvessa


Message History

You climb upwards.
The orc shouts!
The two-headed ogre shouts in stereo!
You hear a bark!
Found 2 smoky blue potions, a potion of haste and a smoky purple potion.
There is a stone staircase leading down here.
The orc closely misses you.
You climb downwards.
There is a stone staircase leading up here.
You hit the orc but do no damage. The orc closely misses you.
You hit the orc.
The orc is almost dead.
The orc misses you.
You hit the orc.
You kill the orc!
No target in view!
Duvessa, Sister of Dowan comes into view.
She is wielding a +0 rapier.
Found a silvery potion.
Found 6 gold pieces.
Found a scroll labelled WUCLYILEPN.
Found 25 stones.
Found a stone staircase leading down.
A hound and a sky beast come into view.
Found 12 gold pieces.
Found a scroll labelled MAAT JAOMABB.
The hound barks!
Found a slimy arbalest.
You hit the hound but do no damage. The hound closely misses you.
The hound bites you but does no damage.
You hit the hound.
The hound is lightly wounded.
The hound misses you. The hound bites you but does no damage.
You closely miss the hound.
The hound is lightly wounded.
The hound bites you. x2
You hit the hound.
The hound is moderately wounded.
The hound bites you.
* * * LOW HITPOINT WARNING * * *
You hit the hound but do no damage.
The hound is moderately wounded.
The hound bites you.
You die...

..........####.##*..,**
...........###..##.,,,*
#...........#*..#.,,,,*
#....#......##...#*,,**
.....#.......##..#****
........?.....#..##
.........##.......#
,,).......##...h.##
*,.....#.**#.#..@#
*,,.#.###* ###...#
*,*>#.* #..## ,,*,,,*
##.# *,,,,** ###
*,,,,,* ,,*,,,* ,,,,,<*
,,,,***


You could see a hound.

Vanquished Creatures
  An orc (D:5)
1 creature vanquished.

Notes
Turn   | Place    | Note
-------+----------+-------------------------------------------
     0 | D:5      | hellse the Demonspawn Delver began the quest for the Orb.
     0 | D:5      | Reached XP level 1. HP: 18/18 MP: 1/1
     8 | D:4      | Noticed an iguana
     8 | D:4      | Noticed a two-headed ogre
    17 | D:5      | Noticed Duvessa
    37 | D:5      | Noticed a hound
    37 | D:5      | Noticed a sky beast
    60 | D:5      | Slain by a hound

Illustrated notes

Levels and vault maps discovered:
D:4:      layout_rooms, minmay_temple_entry_glassed_door, amethyst_killhole
D:5:      layout_cave_pools, uniq_duvessa

Action                   || total
-------------------------++-------
Melee: Hand axe          ||     8
  Use: Scroll            ||     1
Armor: Leather armour    ||     2
Dodge: Dodged            ||     5

Table legend: (Time is in decaauts)
 A = Elapsed time spent in this place.
 B = Non-inter-level travel time spent in this place.
 C = Inter-level travel time spent in this place.
 D = Time resting spent in this place.
 E = Time spent auto-exploring this place.
 F = Levels seen in this place.
 G = Mean time per level.
                   A        B        C        D        E       F      G
               +--------+--------+--------+--------+--------+-----+--------+
         Total |     62 |     62 |      0 |      0 |      0 |   2 |   31.0 |
       Dungeon |     62 |     62 |      0 |      0 |      0 |   2 |   31.0 |
               +--------+--------+--------+--------+--------+-----+--------+

Top non-repeatable levels by time:
     D:5: 60 daAuts
     D:4: 1 daAuts
